 Dungeon Crawl Stone Soup version 0.30.0-19-g36f170ea60 (webtiles) character file.

Game seed: 1327160868534104015

752 DildoBatman the Conjurer (level 8, -3/60 HPs)
             Began as a Formicid Conjurer on June 1, 2023.
             Was an Initiate of Kikubaaqudgha.
             Slain by Pikel
             ... wielding a +2 whip of flaming
              (7 damage)
             ... on level 5 of the Dungeon.
             The game lasted 00:10:41 (3657 turns).

DildoBatman the Conjurer (Formicid Conjurer)        Turns: 3657, Time: 00:10:41

Health: -3/60      AC:  2    Str: 12    XL:     8   Next: 6%
Magic:  15/23      EV: 12    Int: 24    God:    Kikubaaqudgha [......]
Gold:   220        SH:  4    Dex: 12    Spells: 12/15 levels left

rFire   . . .        C - +5 spear of Yskec {flame, Will- Int+4 Stlth+}
rCold   . . .        n - +0 buckler of Melancholy {rPois}
rNeg    . . .        f - +0 robe
rPois   +            (helmet unavailable)
rElec   .            (no cloak)
rCorr   .            (no gloves)
SInv    +            (no boots)
Will    .....        r - amulet of regeneration
Stlth   +++          k - ring of magical power
HPRegen 1.10/turn    t - ring of wizardry
MPRegen 0.18/turn

%: wizardry (x1)
@: brilliant
A: permanent stasis, dig shafts and tunnels, antennae 3, four strong arms
a: Dig, Shaft Self, Renounce Religion


You were on level 5 of the Dungeon.
You worshipped Kikubaaqudgha.
Kikubaaqudgha was noncommittal.
You visited 2 branches of the dungeon, and saw 8 of its levels.
You also visited: Ossuary.

You collected 220 gold pieces.

Inventory:

Hand Weapons
 a - a +2 mace of draining
 b - a +0 spear of venom
 C - the +5 spear of Yskec (weapon) {flame, Will- Int+4 Stlth+}
   (You found it on level 5 of the Dungeon)

   Int:       It affects your intelligence (+4).
   Will:      It decreases your willpower.
   Stlth:     It makes you more stealthy.
Missiles
 c - 19 stones
 i - 6 poisoned darts
 l - 3 javelins
Armour
 f - a +0 robe (worn)
 n - the +0 buckler of Melancholy (worn) {rPois}
   (You found it on level 2 of the Dungeon)

   rPois:     It protects you from poison.
Magical Staves
 j - a staff of cold
Jewellery
 k - a ring of magical power (left hand)
 r - an amulet of regeneration (around neck)
 t - a ring of wizardry (right hand)
Scrolls
 g - a scroll of enchant armour
 p - 2 scrolls of vulnerability
 q - a scroll of immolation
 s - 2 scrolls of noise
 x - a scroll of blinking {unknown}
 y - a scroll of butterflies {unknown}
 B - a scroll of fog
Potions
 d - a potion of mutation {unknown}
 e - 5 potions of heal wounds {unknown}
 h - 2 potions of magic
 m - a potion of might {unknown}
 o - a potion of degeneration {unknown}
 u - a potion of brilliance
 v - a potion of berserk rage {unknown}
 w - a potion of resistance {unknown}
 z - a potion of flight {unknown}
 A - a potion of attraction {unknown}
 D - a potion of invisibility {unknown}


   Skills:
 * Level 3.9 Fighting
 * Level 3.6 Armour
 - Level 3.0 Dodging
 - Level 3.0 Stealth
 - Level 3.0 Shields
 * Level 4.1 Spellcasting
 * Level 4.9 Conjurations


You had 12 spell levels left.
You knew the following spells:

 Your Spells              Type           Power      Damage    Failure   Level
a - Searing Ray           Conj           86%        2d7       1%          2
c - Magic Dart            Conj           100%       1d8       1%          1

Your spell library contained the following spells:

 Spells                   Type           Power      Damage    Failure   Level
 Shock                    Conj/Air       100%       1d9       1%          1
 Dazzling Flash           Conj/Hex       50%        N/A       6%          3
 Gell's Gravitas          Tloc           7%         N/A       16%         3
 Teleport Other           Tloc           7%         N/A       16%         3
 Fulminant Prism          Conj/Hex       12%        3d9       19%         4
 Iskenderun's Mystic Bla  Conj/Tloc      25%        2d7       19%         4
 Airstrike                Air            3%         2d(1-17)  45%         4
 Dispersal                Tloc           3%         N/A       100%        6
 Chain Lightning          Conj/Air       12%        3d16      100%        9
 Fire Storm               Conj/Fire      12%        8d3       100%        9
 Shatter                  Erth           3%         3d7*      100%        9
 Swiftness                Air            Unusable   N/A       N/A         3

Dungeon Overview and Level Annotations

Branches:
Dungeon (7/15)             Temple (1/1) D:5         Ossuary (visited)

Altars:
Ashenzari
Cheibriados
Dithmenos
Elyvilon
Hepliaklqana
Kikubaaqudgha
Makhleb
Qazlal
Ru
Sif Muna
Trog
Vehumet
Wu Jian
Xom
Yredelemnul
Zin
The Shining One

Shops:
D:3 [

Annotations:
D:4 Dowan, Duvessa, Ijyb
D:5 2 transporters, Pikel; Zippel's ghost, amateur DgHu


Innate Abilities, Weirdness & Mutations

You cannot be hasted, slowed, berserked, paralysed or teleported.
You can dig through walls and to a lower floor.
You have a pair of large antennae on your head. (SInv)
Your four strong arms can wield two-handed weapons with a shield.


Message History

Pikel hits you with a +2 whip of flaming!
Pikel burns you.
You barely miss Pikel.
Pikel is heavily wounded.
Pikel hits you with a +2 whip of flaming.
Pikel burns you.
Casting: Searing Ray (safe; 1% risk of failure)
Confirm with . or Enter, or press ? or * to list all spells.
Aiming: Searing Ray (safe; 1% risk of failure)
Press: ? - help, Shift-Dir - straight line, f/p - Pikel
Aim: Pikel, wielding a +2 whip of flaming and wearing a +1 robe of willpower (heavily wounded, 74% to hit)
The searing ray hits Pikel.
Pikel is heavily wounded.
The searing ray hits the lemure.
The lemure is moderately wounded. (Press . to maintain the ray.) Pikel closely misses you.
The searing ray hits Pikel but does no damage.
Pikel is heavily wounded.
The searing ray hits the lemure.
The lemure is heavily wounded.
Pikel hits you with a +2 whip of flaming!
Pikel burns you.
The searing ray hits Pikel but does no damage.
Pikel is heavily wounded.
The searing ray hits the lemure.
The lemure is heavily wounded.
You block Pikel's attack.
The searing ray hits Pikel!
Pikel is severely wounded.
The searing ray hits the lemure!
The lemure is severely wounded.
You finish channelling your searing ray.
Pikel hits you with a +2 whip of flaming!
Pikel burns you.
It was a potion of brilliance.
You feel clever all of a sudden.
Pikel hits you with a +2 whip of flaming!
You die...
Kikubaaqudgha rasps: "You have failed me!
Welcome... death!"

#.# ##...........####..
#.#####..........#.......
#......##...............
##...#####...#...#...#...
#..5.# #...#.†.#...#...
#...{#.## #.###...###.....
...#.{#..####.............#.
.# #..##..##...⌠..>..⌠..###.
#. ##5K@............# #.
#.h###.###...###.#
##.###....#.⌠.# ..# { #..#
#....#...#...# 5 #.##
#........)...#
#....###.......#........
#.##...........#####.... {
#. ##..........# #.... .
#......##...# #....


You could see Pikel, 2 lemures and a hound.

Vanquished Creatures
  A water moccasin (D:5)
  An ogre (D:6)
  4 water moccasin zombies (Ossuary)
  A jelly (D:6)
  An iguana (D:4)
  A sleepcap (D:5)
  4 orc wizards
  2 mummies (Ossuary)
  4 adders
  An ufetubus (D:7)
  3 adder zombies (Ossuary)
  3 dart slugs
  16 orcs
  4 ball pythons
  4 bats (D:1)
  8 endoplasms
  A giant cockroach (D:3)
  A gnoll zombie (Ossuary)
  5 hobgoblins
  4 quokkas
  2 frilled lizards (D:2)
  3 goblins
  5 hobgoblin zombies (Ossuary)
  2 kobolds
  8 kobold zombies (Ossuary)
  5 orc zombies (Ossuary)
  5 rats (D:1)
99 creatures vanquished.

Notes
Turn   | Place    | Note
-------+----------+-------------------------------------------
     0 | D:1      | DildoBatman the Formicid Conjurer began the quest for the
                  | Orb.
     0 | D:1      | Reached XP level 1. HP: 13/13 MP: 3/3
   375 | D:1      | Reached XP level 2. HP: 13/20 MP: 1/5
   378 | D:1      | Learned a level 2 spell: Searing Ray
   672 | D:1      | Reached skill level 1 in Fighting
   685 | D:1      | Reached XP level 3. HP: 26/26 MP: 1/6
   976 | D:2      | Found a sacrificial altar of Ru.
   995 | D:2      | Reached skill level 1 in Armour
  1373 | D:2      | Identified the +0 buckler of Melancholy {rPois}
  1576 | D:3      | Reached XP level 4. HP: 32/32 MP: 7/7
  1630 | D:3      | Found a shimmering altar of Xom.
  1896 | D:3      | Reached skill level 1 in Shields
  1896 | D:3      | Reached XP level 5. HP: 37/38 MP: 9/9
  2089 | D:3      | Found Ucaxom's Armour Shop.
  2379 | D:4      | Noticed Duvessa
  2414 | D:4      | Noticed Ijyb
  2568 | D:4      | Found a sand-covered staircase.
  2575 | Ossuary  | Entered an ossuary
  2666 | Ossuary  | Reached XP level 6. HP: 30/45 MP: 10/10
  2713 | Ossuary  | Reached XP level 7. HP: 51/51 MP: 2/11
  3035 | D:4      | Noticed Dowan
  3038 | D:4      | You fall into a shaft and drop 3 floors!
  3160 | D:5      | Entered Level 5 of the Dungeon
  3217 | D:5      | Found a transporter.
  3228 | D:5      | Found a transporter.
  3228 | D:5      | Noticed Zippel's ghost (amateur DgHu)
  3252 | D:5      | Identified the +5 spear of Yskec {flame, Will- Int+4
                  | Stlth+}
  3362 | D:5      | Found a staircase to the Ecumenical Temple.
  3368 | D:5      | Noticed a water moccasin
  3371 | Temple   | Entered the Ecumenical Temple
  3576 | Temple   | Became a worshipper of Kikubaaqudgha
  3604 | D:5      | Killed a water moccasin
  3605 | D:5      | Reached XP level 8. HP: 45/60 MP: 14/14
  3638 | D:5      | Noticed Pikel
  3656 | D:5      | HP: 3/60 [Pikel/+2 whip of flaming (2)]
  3657 | D:5      | Slain by Pikel

Illustrated notes

Levels and vault maps discovered:
D:1:      denvon_arrival_waterhouse, layout_basic, serial_curves,
          eino_curves_04, eino_curves_03
D:2:      layout_loops_ring, serial_glass, glass_columns_a, glass_columns_c,
          basic_altar, dk_vineyard_1
D:3:      layout_loops_ring, lemuel_tele_altar, serial_shops, shop,
          kennysheep_path_1, kennysheep_generic_room_7
D:4:      layout_basic, nicolae_ossuary_entry_plus, uniq_duvessa, uniq_ijyb
D:5:      layout_layer_cave, minmay_temple_entry_junction_2,
          gammafunk_ghost_smash, uniq_pikel, uniq_edmund
D:6:      minmay_flawed_box, layout_basic
D:7:      layout_gridville, kennysheep_small_spiral, kennysheep_nondescript,
          kb_lookout_dungeons_type, grunt_ministairs_3,
          chequers_serial_rivers_marsh, minivault_24
Temple:   nicolae_temple_slightly_damp_pantheon

Skill      XL: |  1  2  3  4  5  6  7 |
---------------+----------------------+-----
Fighting       | 1 2 3 |  3.9
Dodging        | 2 3 |  3.0
Stealth        | 3 |  3.0
Armour         | 1 2 3 |  3.6
Shields        | 1 2 3 |  3.0
Conjurations   | 4 |  4.9
Spellcasting   | 3 4 |  4.1

Action                     |  1- 3 |  4- 6 |  7- 9 || total
---------------------------+-------+-------+-------++-------
  Melee: Unarmed           |    13 |       |       ||    13
         Dagger            |    22 |       |       ||    22
         Mace              |    22 |    71 |    82 ||   175
         Spear             |       |       |    11 ||    11
   Cast: Magic Dart        |    27 |     1 |     3 ||    31
         Searing Ray       |     8 |     9 |     3 ||    20
Ability: Dig               |       |       |     1 ||     1
         Shaft Self        |       |       |     1 ||     1
    Use: Scroll            |       |     4 |     1 ||     5
         Potion            |       |       |     1 ||     1
   Stab: Sleeping          |     4 |     4 |       ||     8
 Armour: Robe              |     8 |    17 |     7 ||    32
  Dodge: Dodged            |    41 |    70 |    59 ||   170
  Block: Buckler           |       |    18 |    17 ||    35
